 Dungeon Crawl Stone Soup version 0.29.1-12-g30fa7ad0bf (webtiles) character file.

Game seed: 1467854815916429206

362 EarthwalkerPL the Trooper (level 6, -1/84 HPs)
             Began as a Minotaur Fighter on Dec 31, 2022.
             Succumbed to a water moccasin's poison
             ... on level 3 of the Dungeon.
             The game lasted 00:02:38 (2667 turns).

EarthwalkerPL the Trooper (Minotaur Fighter)        Turns: 2667, Time: 00:02:38

Health: -1/84      AC: 23    Str: 22    XL:     6   Next: 39%
Magic:  5/5        EV:  2    Int:  5    God:
Gold:   212        SH:  4    Dex: 10    Spells: 5/5 levels left

rFire   . . .      SeeInvis .   a - +0 war axe
rCold   . . .      Faith    .   c - +0 buckler
rNeg    . . .      Spirit   .   (body armour currently unavailable)
rPois   +          Reflect  .   (helmet currently unavailable)
rElec   .          Harm     .   (cloak currently unavailable)
rCorr   .          Rampage  .   (gloves currently unavailable)
Will    .....      NoTele   +   (boots currently unavailable)
Stlth   +.........              (no amulet)
HPRegen 0.24/turn               (no ring)
MPRegen 0.09/turn               (no ring)

@: lethally poisoned (-1 -> -13), tree-form
A: stationary, stasis, torment immunity, boosted hp, (horns 2), (retaliatory
headbutt)
a: no special abilities


You were on level 3 of the Dungeon.
You were a tree.
You visited 1 branch of the dungeon, and saw 3 of its levels.

You collected 212 gold pieces.

Inventory:

Hand Weapons
 a - a +0 war axe (weapon)
Missiles
 f - 2 poisoned darts (quivered)
Armour
 b - a +0 scale mail (melded)
 c - a +0 buckler (worn)
Scrolls
 e - 4 scrolls of identify {unknown}
 g - a scroll of poison {unknown}
 h - a scroll of butterflies {unknown}
 l - a scroll of fear {unknown}
 m - a scroll of teleportation {unknown}
 o - a scroll of amnesia {unknown}
 p - a scroll of brand weapon {unknown}
 q - a scroll of immolation {unknown}
Potions
 d - a potion of might
 i - a potion of heal wounds {unknown}
 j - a potion of haste {unknown}
 k - a potion of lignification
 n - a potion of cancellation {unknown}


   Skills:
 * Level 5.6 Fighting
 * Level 4.8 Axes
 * Level 5.6 Armour
 + Level 4.5 Shields


You had 5 spell levels left.
You didn't know any spells.
Your spell library contained the following spells:

 Spells                   Type           Power      Damage    Failure   Level
 Tukima's Dance           Hex            0%         N/A       90%         3
 Passage of Golubria      Tloc           0%         N/A       100%        4
 Yara's Violent Unravell  Hex/Tmut       0%         3d3       100%        5


Dungeon Overview and Level Annotations

Branches:
Dungeon (3/15)

Altars:


Innate Abilities, Weirdness & Mutations

You are a tree.
Your roots penetrate the ground, keeping you stationary.
You cannot be teleported.
You are immune to unholy pain and torment.
Your maximum health is greatly increased.
Your equipment is partially melded.
((You have a pair of horns on your head.))
((You reflexively headbutt those who attack you in melee.))


Message History

You are poisoned.
The water moccasin poisons you!
The water moccasin attacks as you move away!
The water moccasin bites you.
You are more poisoned.
The water moccasin poisons you!
You feel very sick.
You feel very sick. The water moccasin barely misses you.
You slash the water moccasin!
The water moccasin is moderately wounded.
You feel very sick. The water moccasin bites you.
You are more poisoned.
The water moccasin poisons you!
The water moccasin bites you but does no damage.
You miss the water moccasin.
Your headbutt misses the water moccasin.
The water moccasin is moderately wounded.
You feel very sick. The water moccasin bites you.
You are more poisoned.
The water moccasin poisons you!
You hit the water moccasin.
The water moccasin is heavily wounded.
You feel extremely sick. The water moccasin bites you. x2
* * * LOW HITPOINT WARNING * * *
You hit the water moccasin.
The water moccasin is heavily wounded.
* * * LOW HITPOINT WARNING * * *
You feel very sick. The water moccasin bites you.
* * * LOW HITPOINT WARNING * * *
The water moccasin barely misses you. You furiously retaliate!
You headbutt the water moccasin, but do no damage.
It was a potion of lignification.
You turn into a tree.
Your +0 scale mail melds into your body.
Your roots penetrate the ground.
You die...

##.# #.#.#.# ##..## #.###.###
#....# #........ ##.##.#####
########## #(.#......###
###...##.#.. ##.##.......)###
#.)..###...#
#.....######...###.##...#.#.#
##...###....###..#..####.#.#.#
#...##..)..oS♣##...........#..
#..†#..######..#......###.####
#..##.)# ##.##.....# #.##.#
#..#.... #..#.##### #....#
#..#..o. #..#.# ##.###
#..#..#.[ #..).# ### #..#.. .S
#....# #..##. #.. ##....#
#...# #.....#


You could see a water moccasin and an orc.

Vanquished Creatures
  Sigmund (D:2)
  A necrophage (D:3)
  A hound (D:3)
  4 gnolls (D:3)
  An adder (D:3)
  A worm (D:3)
  4 orcs (D:3)
  6 ball pythons
  5 endoplasms
  13 goblins
  5 hobgoblins
  2 jackals (D:2)
  2 quokkas (D:3)
  4 bats
  2 kobolds
  7 rats
59 creatures vanquished.

Vanquished Creatures (others)
  2 plants (D:2)
2 creatures vanquished.

Grand Total: 61 creatures vanquished

Notes
Turn   | Place    | Note
-------+----------+-------------------------------------------
     0 | D:1      | EarthwalkerPL the Minotaur Fighter began the quest for the
                  | Orb.
     0 | D:1      | Reached XP level 1. HP: 19/19 MP: 0/0
    87 | D:1      | Reached XP level 2. HP: 16/27 MP: 1/1
   644 | D:2      | Identified the +0 scale mail "Gurot" {Regen+ Int+3}
   663 | D:2      | Reached XP level 3. HP: 33/33 MP: 2/2
   968 | D:2      | Noticed Sigmund
   973 | D:2      | Killed Sigmund
   974 | D:2      | Reached skill level 5 in Fighting
   974 | D:2      | Reached skill level 5 in Armour
   974 | D:2      | Reached XP level 4. HP: 41/42 MP: 3/3
   974 | D:2      | Reached XP level 5. HP: 47/48 MP: 4/4
  1614 | D:3      | Reached XP level 6. HP: 56/56 MP: 5/5
  1672 | D:3      | Found a faded altar of an unknown god.
  1672 | D:3      | Noticed a chaos spawn
  2653 | D:3      | Noticed a water moccasin
  2666 | D:3      | HP: 1/56 [water moccasin (5)]
  2667 | D:3      | Succumbed to a water moccasin's poison

Illustrated notes

Levels and vault maps discovered:
D:1:      grunt_arrival_crossed_arrows, layout_rooms
D:2:      layout_basic, serial_bayou_ford_a, hangedman_decor_slide_cut,
          uniq_sigmund
D:3:      mumra_celtic_spiral_tile, layout_rooms,
          dreamdust_ecumenical_altar_sealed_demon, kennysheep_cross_bottleneck,
          minmay_randomly_rotated_circles

Skill      XL: |  1  2  3 |
---------------+----------+-----
Fighting       | 4 5 |  5.6
Armour         | 4 5 |  5.6
Axes           | 3 4 |  4.8
Shields        | 4 |  4.5

Action                   |  1- 3 |  4- 6 || total
-------------------------+-------+-------++-------
Melee: War axe           |    49 |    64 ||   113
       Headbutt          |     4 |    10 ||    14
  Use: Potion            |       |     1 ||     1
Armor: Scale mail        |    26 |    23 ||    49
Dodge: Dodged            |    26 |    24 ||    50
Block: Buckler           |    11 |    12 ||    23
